 Dungeon Crawl Stone Soup version 0.26.1-11-gd32895ea62 (webtiles) character file.

Game seed: 14082363080655707056

10351 raph the Arsonist (level 11, -16/74 HPs)
             Began as a Human Fire Elementalist on May 2, 2021.
             Was a High Priest of Zin.
             Demolished by a white ugly thing (27 damage)
             ... in an ice cave.
             The game lasted 00:40:21 (16487 turns).

raph the Arsonist (Human Fire Elementalist)        Turns: 16487, Time: 00:40:22

Health: -16/74     AC: 17    Str: 12    XL:     11   Next: 91%
Magic:  7/20       EV: 18    Int: 22    God:    Zin [*****.]
Gold:   370        SH:  0    Dex: 28    Spells: 6/22 levels left

rFire    . . .     SeeInvis .   b - +7 hunting sling "Wialujej" {venom, +Blink rPois Dex+6}
rCold    . . .     Faith    +   (no shield)
rNeg     . . .     Spirit   .   F - +2 acid dragon scales
rPois    ∞         Reflect  .   i - +2 hat
rElec    .         Harm     .   f - +2 cloak
rCorr    +         Rampage  .   r - +2 pair of gloves
Will     .....                  (no boots)
Stlth    ++........             v - amulet of faith
HPRegen  0.22/turn              c - +4 ring of evasion
MPRegen  0.17/turn              A - +6 ring of dexterity

@: vitalised
A: no striking features
a: Renounce Religion, Evoke Blink, Recite, Vitalisation, Imprison, Sanctuary,
Donate Gold


You were in an ice cave.
You worshipped Zin.
Zin was extremely pleased with you.
You visited 2 branches of the dungeon, and saw 11 of its levels.
You also visited: Ice Cave.

You collected 566 gold pieces.
You spent 120 gold pieces at shops.
You donated 76 gold pieces to Zin.

Inventory:

Hand Weapons
 a - the +11 trident of Law {freeze, Str+3}
   (You found it on level 9 of the Dungeon)

   It has been specially enchanted to freeze those struck by it, causing extra
   injury to most foes and up to half again as much damage against particularly
   susceptible opponents.
   It can also slow down cold-blooded creatures.
   It affects your strength (+3).
 b - the +7 hunting sling "Wialujej" (weapon) {venom, +Blink rPois Dex+6}
   (You found it on level 7 of the Dungeon)

   It poisons the ammo it fires.
   It affects your dexterity (+6).
   It protects you from poison.
   It lets you blink.
 n - a +0 whip
 y - a +1 dagger of electrocution
 H - a +3 dagger of venom
Missiles
 D - 3 sling bullets
 G - 305 stones (quivered ammo)
Armour
 e - a +2 leather armour of willpower
 f - a +2 cloak (worn)
 i - a +2 hat (worn)
 r - a +2 pair of gloves (worn)
 F - +2 acid dragon scales (worn)
Jewellery
 c - a +4 ring of evasion (left hand)
 p - an uncursed ring of ice
 v - an amulet of faith (around neck)
 A - a +6 ring of dexterity (right hand)
 C - an uncursed ring of poison resistance
Wands
 h - a wand of iceblast (12)
 K - a wand of flame (19)
Scrolls
 g - 2 scrolls of remove curse
 m - a scroll of teleportation
 o - a scroll of fear
 q - a scroll of magic mapping
 s - a scroll of fog
 u - a scroll of amnesia
 I - a scroll of identify
Potions
 d - 7 potions of curing
 j - 3 potions of degeneration
 k - 2 potions of lignification
 l - 3 potions of brilliance
 t - a potion of heal wounds
 w - 4 potions of invisibility
 x - a potion of haste
 z - a potion of mutation
 B - 2 potions of attraction
 E - a potion of magic
Miscellaneous
 J - a lightning rod (4/4)


   Skills:
 + Level 2.9 Fighting
 + Level 3.0 Slings
 - Level 4.9 Armour
 + Level 3.4 Dodging
 - Level 2.0 Stealth
 + Level 6.3 Spellcasting
 * Level 9.4 Conjurations
 * Level 10.0 Fire Magic
 + Level 6.8 Invocations
 + Level 2.5 Evocations


You had 6 spell levels left.
You knew the following spells:

 Your Spells              Type           Power        Failure   Level
a - Foxfire               Conj/Fire      100%         1%          1
b - Conjure Flame         Conj/Fire      49%          1%          3
c - Sticky Flame          Conj/Fire      49%          2%          4
d - Fireball              Conj/Fire      24%          7%          5
e - Inner Flame           Hex/Fire       28%          4%          3

Your spell library contained the following spells:

 Spells                   Type           Power        Failure   Level
 Beastly Appendage        Tmut           12%          13%         1
 Freeze                   Ice            24%          13%         1
 Wereblood                Tmut           6%           19%         2
 Frozen Ramparts          Ice            12%          36%         3
 Spider Form              Tmut/Pois      3%           36%         3
 Vampiric Draining        Necr           3%           36%         3
 Ice Form                 Ice/Tmut       6%           77%         4
 Blade Hands              Tmut           3%           98%         5
 Borgnjor's Vile Clutch   Necr/Erth      3%           98%         5
 Ozocubu's Refrigeration  Ice            3%           100%        6


Dungeon Overview and Level Annotations

Branches:
Dungeon (10/15)            Temple (0/1) D:6            Lair (1/6) D:9
  IceCv (1/1)
    Orc: D:9-12

Altars:
Ashenzari
Dithmenos
Elyvilon
Nemelex Xobeh
Okawaru
Ru
Sif Muna
Uskayaw
Xom
Yredelemnul
Zin

Shops:
D:7 !

Annotations:
D:3 3 runed translucent doors, raph's ghost, amateur TeFE


Message History

The white ugly thing completely misses you.
The ice beast hits you but does no damage.
Okay, then.
The +11 trident of Law {freeze, Str+3} stops glowing.
You feel agile.
The +7 hunting sling "Wialujej" {venom, +Blink rPois Dex+6} begins to drip with poison!
b - the +7 hunting sling "Wialujej" (weapon)
{venom, +Blink rPois Dex+6} The white ugly thing burns!
The ice beast hits you but does no damage.
The ice beast barely misses you. The ice beast closely misses you.
You fail to use your ability.
The white ugly thing burns!
The white ugly thing punches you! The white ugly thing freezes you!
The ice beast completely misses you. The ice beast barely misses you. x2
The ice beast completely misses you. The ice beast misses you.
Unknown command.
You fail to use your ability.
The white ugly thing burns!
The white ugly thing punches you!
* * * LOW HITPOINT WARNING * * *
The white ugly thing freezes you!!
You die...

#...$.?.!...#
##..../©$....##
#......?......#
#....8...8....#
#.............#
#.....Y.....#
#....YuY....#
#....Y@Y....#
##.....Y...##
##...∩...##
##.....##
#######


You could see a white ugly thing (burning) and 6 ice beasts.

Vanquished Creatures
  Harold (D:7)
  2 centaur warriors (D:9)
  3 cyclopes (D:9)
  An elephant (D:9)
  Maggie (D:7)
  3 trolls
  Grinder (D:3)
  A vampire (D:10)
  A wyvern (D:9)
  A yak (D:9)
  Grum (D:9)
  Edmund (D:5)
  A water moccasin (D:6)
  5 sky beasts
  4 orc warriors
  3 ice beasts
  2 black bears (D:9)
  2 ogres (D:3)
  2 phantoms
  3 centaurs
  3 wolves (D:9)
  A big kobold (D:8)
  6 bullfrogs
  A wyvern skeleton (D:9)
  A water moccasin skeleton (D:8)
  2 scorpions (D:8)
  12 wights
  3 howler monkeys
  2 bullfrog zombies
  6 hounds
  A centaur zombie (D:9)
  5 orc priests
  A centaur skeleton (D:8)
  Crazy Yiuf (D:3)
  5 jellies
  8 orc wizards
  4 iguanas
  10 worker ants
  A killer bee zombie (D:5)
  2 hound skeletons
  A worker ant zombie (D:9)
  4 gnolls (D:5)
  8 adders
  A shadow imp (D:5)
  15 white imps
  5 ufetubi
  An ooze (D:2)
  2 adder skeletons
  An adder zombie (D:7)
  5 worms
  3 dart slugs
  4 leopard geckos
  19 orcs
  A ball python (D:4)
  10 giant cockroaches
  6 goblins
  10 hobgoblins
  20 jackals
  8 kobolds
  7 quokkas
  4 bats
  8 frilled lizards
  2 jackal skeletons (D:5)
  An orc zombie (D:10)
  A quokka skeleton (D:7)
  10 rats
271 creatures vanquished.

Vanquished Creatures (others)
  788 foxfires
  6 plants
794 creatures vanquished.

Grand Total: 1065 creatures vanquished

Notes
Turn   | Place    | Note
-------+----------+-------------------------------------------
     0 | D:1      | raph the Human Fire Elementalist began the quest for the
                  | Orb.
     0 | D:1      | Reached XP level 1. HP: 13/13 MP: 3/3
   406 | D:1      | Reached XP level 2. HP: 17/19 MP: 1/5
  1192 | D:1      | Reached XP level 3. HP: 24/24 MP: 2/6
  1196 | D:1      | Learned a level 3 spell: Conjure Flame
  1830 | D:2      | Found a glowing silver altar of Zin.
  1862 | D:2      | Noticed an angel
  1865 | D:2      | Found a shimmering altar of Xom.
  1890 | D:2      | Became a worshipper of Zin the Law-Giver
  1894 | D:2      | Donated 20 gold pieces to Zin
  2068 | D:2      | Found a faded altar of an unknown god.
  2410 | D:2      | Reached XP level 4. HP: 30/30 MP: 3/7
  2736 | D:3      | Found a runed translucent door.
  2737 | D:3      | Noticed Crazy Yiuf
  2914 | D:3      | Learned a level 4 spell: Sticky Flame
  2954 | D:3      | Reached * piety under Zin
  3007 | D:3      | Found an iron altar of Okawaru.
  3089 | D:3      | Killed Crazy Yiuf
  3090 | D:3      | Reached skill level 4 in Fire Magic
  3090 | D:3      | Reached skill level 1 in Invocations
  3090 | D:3      | Reached XP level 5. HP: 29/35 MP: 3/8
  3150 | D:3      | Found a runed translucent gate.
  3150 | D:3      | Found a runed translucent gate.
  3150 | D:3      | Found a runed translucent gate.
  3920 | D:3      | Noticed Grinder
  3932 | D:3      | Killed Grinder
  3933 | D:3      | Reached XP level 6. HP: 39/41 MP: 0/10
  4054 | D:3      | Noticed raph's ghost (amateur TeFE)
  4307 | D:4      | Noticed an ogre
  4401 | D:4      | Noticed an ogre
  4455 | D:3      | Killed an ogre
  4456 | D:3      | Reached skill level 5 in Fire Magic
  4456 | D:3      | Reached XP level 7. HP: 30/46 MP: 11/11
  5079 | D:4      | Reached skill level 1 in Armour
  5864 | D:4      | Learned a level 5 spell: Fireball
  5965 | D:4      | Reached XP level 8. HP: 49/52 MP: 9/13
  6101 | D:4      | Reached ** piety under Zin
  6171 | D:5      | Entered Level 5 of the Dungeon
  6254 | D:5      | Noticed Edmund
  6258 | D:5      | Reached skill level 6 in Fire Magic
  6268 | D:5      | Killed Edmund
  6269 | D:5      | Reached skill level 5 in Conjurations
  6456 | D:5      | Found a basalt altar of Yredelemnul.
  6456 | D:5      | Found a hide-covered altar of Uskayaw.
  6458 | D:5      | Found a white marble altar of Elyvilon.
  6458 | D:5      | Found a shimmering blue altar of Sif Muna.
  6610 | D:5      | Reached *** piety under Zin
  6617 | D:5      | Found a shadowy altar of Dithmenos.
  7503 | D:5      | Reached XP level 9. HP: 57/57 MP: 15/15
  7721 | D:5      | Found a sparkling altar of Nemelex Xobeh.
  8358 | D:6      | Reached skill level 7 in Fire Magic
  8427 | D:6      | Reached **** piety under Zin
  8686 | D:6      | Found a staircase to the Ecumenical Temple.
  9409 | D:6      | Learned a level 3 spell: Inner Flame
  9622 | D:6      | Reached ***** piety under Zin
 10070 | D:7      | Noticed Maggie
 10077 | D:6      | Reached skill level 5 in Spellcasting
 10284 | D:8      | Reached XP level 10. HP: 63/63 MP: 6/17
 10285 | D:8      | Reached skill level 5 in Invocations
 10515 | D:8      | Reached skill level 8 in Fire Magic
 11041 | D:8      | Noticed a boulder beetle
 11814 | D:7      | Got a polished hunting sling
 11815 | D:7      | Identified the +7 hunting sling "Wialujej" {venom, +Blink
                  | rPois Dex+6} (You found it on level 7 of the Dungeon)
 11965 | D:7      | Found Egoino Uledgh's Distillery.
 11969 | D:7      | Bought a potion of magic for 80 gold pieces
 11969 | D:7      | Bought a potion of brilliance for 40 gold pieces
 12894 | D:7      | Noticed Harold
 12929 | D:7      | Killed Harold
 12933 | D:7      | Killed Maggie
 13151 | D:8      | Found a broken altar of Ashenzari.
 13312 | D:9      | Reached skill level 9 in Fire Magic
 13405 | D:9      | Reached skill level 1 in Fighting
 13405 | D:9      | Reached skill level 1 in Slings
 13592 | D:9      | Found a staircase to the Lair.
 13649 | D:9      | Reached XP level 11. HP: 70/70 MP: 0/19
 14033 | D:9      | Found a sacrificial altar of Ru.
 14145 | D:9      | Found a sacrificial altar of Ru.
 14733 | D:9      | Reached skill level 1 in Evocations
 14795 | D:9      | Noticed a centaur warrior
 14795 | D:9      | Noticed a centaur warrior
 14808 | D:9      | Killed a centaur warrior
 14811 | D:9      | Killed a centaur warrior
 14838 | D:9      | Noticed an elephant
 14850 | D:9      | Killed an elephant
 14921 | D:9      | Noticed a cyclops
 14923 | D:9      | Noticed a cyclops
 15031 | D:9      | Killed a cyclops
 15041 | D:9      | Killed a cyclops
 15283 | D:9      | Identified the Volume of the Doomed Glacier
 15289 | D:9      | Noticed Grum
 15326 | D:9      | Killed Grum
 15498 | D:9      | Noticed a cyclops
 15517 | D:9      | Killed a cyclops
 15816 | D:9      | Got a scorched trident
 15817 | D:9      | Identified the +11 trident of Law {freeze, Str+3} (You
                  | found it on level 9 of the Dungeon)
 16012 | D:10     | Entered Level 10 of the Dungeon
 16375 | Lair:1   | Entered Level 1 of the Lair of Beasts
 16381 | Lair:1   | Found a frozen archway.
 16395 | Lair:1   | Reached skill level 10 in Fire Magic
 16479 | IceCv    | Entered an ice cave
 16479 | IceCv    | Noticed a white ugly thing
 16487 | IceCv    | Demolished by a white ugly thing

Illustrated notes

Levels and vault maps discovered:
D:1:      dpeg_arrival_boxorama, layout_basic
D:2:      layout_rooms, grunt_temple_overflow_order_and_chaos_1,
          chequers_ecumenical_altar_twisty
D:3:      layout_basic, general_overflow_altar, gammafunk_ghost_icy,
          uniq_crazy_yiuf_cottage, uniq_grinder
D:4:      minmay_chambers_of_threes, layout_rooms, serial_rivers,
          chequers_serial_rivers_micro_e, chequers_serial_rivers_large_b,
          chequers_serial_rivers_room_b, chequers_serial_rivers_marsh
D:5:      minmay_razor_zed, layout_basic, grunt_dithmenos_smoke_and_mirrors,
          grunt_temple_overflow_open, nemelex_altar_shiori, uniq_edmund
D:6:      layout_gridville, temple_pool_b
D:7:      layout_basic, serial_shops, shop, uniq_harold, uniq_maggie
D:8:      minmay_diamond_stairs, layout_gridville, kennysheep_little_box,
          kennysheep_mini_moat, minmay_unpleasant_kobolds
D:9:      minmay_cut_squares, layout_basic, lemuel_crystal_altar,
          david_lair_generic, lemuel_altar_in_water, uniq_grum
D:10:     layout_rooms, zombieorc2_lemuel, minmay_beelzebubs_servants,
          uniq_erica
Lair:1:   layout_gridlike, gammafunk_ghost_abyssal_escape,
          portal_ice_cave_entry_imps, minivault_11
IceCv:    ice_cave_statue_garden_transporter

Skill      XL: |  1  2  3  4  5  6  7  8  9 10 11 |
---------------+----------------------------------+-----
Conjurations   | 2 3 4 5 7 8 9 |  9.4
Fire Magic     | 4 5 6 7 9 10 | 10.0
Invocations    | 1 2 3 4 6 |  6.8
Spellcasting   | 3 4 5 6 |  6.3
Armour         | 1 2 4 |  4.9
Fighting       | 1 2 |  2.9
Slings         | 1 3 |  3.0
Evocations     | 2 |  2.5
Dodging        | 3 |  3.4
Stealth        | |  2.0

Action                   |  1- 3 |  4- 6 |  7- 9 | 10-12 || total
-------------------------+-------+-------+-------+-------++-------
Melee: Whip              |     5 |       |       |       ||     5
       Dagger            |    10 |    26 |    80 |    46 ||   162
       Trident           |       |       |       |     1 ||     1
 Fire: Hunting sling     |       |       |       |   129 ||   129
 Cast: Foxfire           |    61 |    66 |   187 |   163 ||   477
       Conjure Flame     |       |     1 |    12 |    10 ||    23
       Sticky Flame      |       |       |    13 |    28 ||    41
       Fireball          |       |       |       |    11 ||    11
Invok: Donate Gold       |     1 |       |       |       ||     1
       Recite            |       |     1 |    10 |    16 ||    27
       Vitalisation      |       |       |       |     3 ||     3
       Imprison          |       |       |       |     2 ||     2
Evoke: Wand              |       |       |       |     3 ||     3
  Use: Scroll            |       |     9 |    14 |     7 ||    30
       Potion            |       |       |     2 |     2 ||     4
 Stab: Sleeping          |     2 |     2 |     3 |     2 ||     9
       Confused          |       |       |     1 |       ||     1
Armor: Robe              |    10 |     4 |       |       ||    14
       Leather armour    |       |     2 |    40 |    16 ||    58
       Acid dragon scale |       |       |       |    44 ||    44
Dodge: Dodged            |    12 |    22 |   102 |   189 ||   325
